 Dungeon Crawl Stone Soup version 0.20-a0-848-g73d9be0 (webtiles) character file.

151 krabocopter the Slasher (level 5, 0/41 HPs)
             Began as a Demonspawn Gladiator on Mar 9, 2017.
             Killed from afar by Dowan (8 damage)
             ... with a puff of frost
             ... on level 4 of the Dungeon.
             The game lasted 00:07:25 (2778 turns).

krabocopter the Slasher (Demonspawn Gladiator)      Turns: 2778, Time: 00:07:27

Health: 0/41       AC:  8    Str: 14    XL:     5   Next: 11%
Magic:  5/5        EV: 12    Int:  9    God:
Gold:   80         SH:  0    Dex: 16    Spells: 4/4 levels left

rFire    . . .     SeeInvis .   a - +1 long sword
rCold    . . .     Gourm    .   e - +0 ring mail (curse)
rNeg     . . .     Faith    .   (no shield)
rPois    .         Spirit   .   q - +2 helmet
rElec    .         Reflect  .   (no cloak)
rCorr    .         Harm     .   (no gloves)
MR       .....                  (no boots)
Stlth    +.........             (no amulet)
Regen    0.2/turn               (no ring)
MPRegen  0.1/turn               j - ring of flight

@: glowing
A: talons 1, powered by death 1
a: Evoke Flight


You were on level 4 of the Dungeon.
You were not hungry.

You visited 1 branch of the dungeon, and saw 4 of its levels.

You collected 80 gold pieces.

Inventory:

Hand Weapons
 a - a +1 long sword (weapon)
Missiles
 d - 3 throwing nets (quivered)
Armour
 b - a +0 leather armour
 e - a cursed +0 ring mail (worn)
 q - a +2 helmet (worn)
Jewellery
 j - a ring of flight (left hand)
Scrolls
 l - a scroll of immolation {unknown}
 r - a scroll of blinking {unknown}
 s - a scroll of teleportation {unknown}
 t - a scroll of enchant weapon
Potions
 h - 2 potions of curing
 i - a potion of haste {unknown}
 k - a potion of brilliance
 n - a potion of invisibility {unknown}
 p - a potion of mutation {unknown}
Comestibles
 c - 9 fruits
 f - 2 bread rations
 o - 2 meat rations


   Skills:
 + Level 3.2 Fighting
 * Level 4.4 Long Blades
 - Level 1.7 Throwing
 - Level 0.1 Armour
 - Level 3.1 Dodging


You had 4 spell levels left.
You didn't know any spells.

Dungeon Overview and Level Annotations

Branches:
Dungeon (4/15)
 Temple: D:4-7

Altars:
Fedhas

Annotations:
D:4 Dowan, Duvessa


Innate Abilities, Weirdness & Mutations

You have sharp toenails.
You regenerate a little health from kills.


Message History

You closely miss Dowan.
Dowan says, "Magic and the sword, together, will defeat you."
Dowan points at you and mumbles some strange words.
The puff of flame misses you.
You barely miss Dowan. Your kick misses Dowan.
Dowan casts a spell.
Dowan blinks!
Your ring mail prevents you from hitting Dowan.
Dowan gestures wildly while chanting.
Dowan blinks!
Dowan casts a spell at you. The puff of flame hits you!
* * * LOW HITPOINT WARNING * * *
You take 6 damage, and have 8/41 hp.
Dowan says, "Stay away from my face!"
Dowan gestures at you while chanting. The puff of flame misses you.
Dowan gestures at you while chanting. The puff of frost hits you!
You die...

##########
#.........
##.#######
#<........
##e##########
#..@.......#
########..##
#.##.# #....#
#).#...# #..#
e.# #... .e.
#..#. #.
#..###


You could see Dowan.

Vanquished Creatures
  A hound (D:3)
  3 adders
  An ooze (D:3)
  A worm (D:3)
  3 dart slugs
  4 leopard geckos
  An orc (D:4)
  9 bats
  2 giant cockroaches
  13 goblins
  8 hobgoblins
  9 jackals
  3 frilled lizards
  6 kobolds
  8 rats
72 creatures vanquished.

Notes
Turn   | Place    | Note
-------+----------+-------------------------------------------
     0 | D:1      | krabocopter the Demonspawn Gladiator began the quest for the Orb.
     0 | D:1      | Reached XP level 1. HP: 16/16 MP: 1/1
   160 | D:1      | Gained mutation: You have sharp toenails. [demonic ancestry]
   160 | D:1      | Reached XP level 2. HP: 22/22 MP: 2/2
   264 | D:1      | Reached skill level 3 in Long Blades
   458 | D:1      | Reached XP level 3. HP: 23/27 MP: 3/3
  1397 | D:2      | Found a blossoming altar of Fedhas.
  1528 | D:2      | Gained mutation: You regenerate a little health from kills. [demonic ancestry]
  1528 | D:2      | Reached XP level 4. HP: 31/34 MP: 4/4
  1661 | D:3      | Reached skill level 4 in Long Blades
  2184 | D:3      | Reached XP level 5. HP: 41/41 MP: 5/5
  2751 | D:4      | Noticed Duvessa
  2754 | D:4      | Noticed Dowan
  2778 | D:4      | Killed from afar by Dowan

Vault maps used:
D:1:      mrwooster_arrival_statue_2
D:2:      first_bread, fedhas_altar_fruit_tree
D:4:      serial_shops, kennysheep_little_box, minmay_misc_feat_alley,
          uniq_duvessa

Skill      XL: |  1  2  3  4 |
---------------+-------------+-----
Long Blades    | 3 4 |  4.4
Dodging        | 3 |  3.1
Fighting       | 3 |  3.2
Throwing       | |  1.7
Armour         | |  0.1

Action                   |  1- 3 |  4- 6 || total
-------------------------+-------+-------++-------
Melee: Long sword        |   100 |    80 ||   180
       Kick              |    18 |    21 ||    39
  Use: Scroll            |     2 |     2 ||     4
  Eat: Chunk             |     2 |     4 ||     6
Armor: Ring mail         |    31 |    36 ||    67
Dodge: Dodged            |    83 |    53 ||   136
       Rpst.: Long sword |    21 |    15 ||    36
